 Dungeon Crawl Stone Soup version 0.30-a0-989-g0d87f670db (webtiles) character file.

Game seed: 5820295305310302657

2062 mopl the Ducker (level 9, -1/74 HPs)
             Began as a Gnoll Monk on Apr 3, 2023.
             Killed from afar by a shock serpent (glowing shapeshifter) (6 damage)
             ... with an electric aura
             ... on level 7 of the Dungeon.
             The game lasted 00:10:51 (6190 turns).

mopl the Ducker (Gnoll Monk)                        Turns: 6190, Time: 00:10:52

Health: -1/74      AC: 12    Str: 14    XL:     9   Next: 25%
Magic:  0/15       EV: 14    Int:  9    God:
Gold:   57         SH:  0    Dex: 14    Spells: 16/16 levels left

rFire   . . .      SeeInvis .    y - +4 quarterstaff (chaos)
rCold   . . .      Faith    .    (shield currently unavailable)
rNeg    + . .      Spirit   +    s - +0 acid dragon scales
rPois   .          Reflect  .    A - +0 helmet
rElec   .          Rampage  .    z - +2 cloak
rCorr   +                        (no gloves)
Will    .....                    D - +0 pair of boots
Stlth   +++                      O - amulet of guardian spirit
HPRegen 0.32/turn                G - ring of positive energy
MPRegen 0.14/turn                F - ring of flight

@: flying
A: fangs 1, strong nose, distributed training, dopey 1
a: no special abilities


You were on level 7 of the Dungeon.
You visited 2 branches of the dungeon, and saw 8 of its levels.
You also visited: Sewer.

You collected 421 gold pieces.
You spent 364 gold pieces at shops.

Inventory:

Hand Weapons
 a - a +0 mace
 g - a +1 whip of pain
 p - the +7 rapier "Efotyvegy" {flame, *Noise rF+ Str+4 Dex-5}
   (You found it on level 3 of the Dungeon)

   Str:       It affects your strength (+4).
   Dex:       It affects your dexterity (-5).
   rF:        It protects you from fire.
   *Noise:    It may make noises in combat.
 w - a +1 hammer of holy wrath
 x - a +0 dagger of venom
 y - a +4 quarterstaff of chaos (weapon)
 B - a +2 dagger of draining
 I - a +3 war axe
 J - the +4 war axe "Egoudwil" {flame, rElec}
   (You found it on level 6 of the Dungeon)

   rElec:     It insulates you from electricity.
 P - a +0 battleaxe
Missiles
 i - 7 poisoned darts (quivered)
 o - a throwing net
Armour
 s - +0 acid dragon scales (worn)
 z - a +2 cloak (worn)
 A - a +0 helmet (worn)
 D - a +0 pair of boots (worn)
 H - the +5 ring mail "Innouguma" {rF+ rC- Int+2 Slay+3}
   (You found it on level 5 of the Dungeon)

   Int:       It affects your intelligence (+2).
   Slay:      It affects your accuracy & damage with ranged weapons and melee
   (+3).
   rF:        It protects you from fire.
   rC:        It makes you vulnerable to cold.
Jewellery
 n - a ring of wizardry
 F - a ring of flight (right hand)
 G - a ring of positive energy (left hand)
 O - an amulet of guardian spirit (around neck)
Wands
 E - a wand of mindburst (19)
 M - a wand of roots (6)
Scrolls
 b - 2 scrolls of fear
 d - a scroll of magic mapping
 e - a scroll of amnesia {unknown}
 f - 5 scrolls of poison
 j - a scroll of silence {!r}
 m - 4 scrolls of teleportation
 q - 2 scrolls of noise {unknown}
 r - a scroll of torment {!r}
 u - a scroll of fog
 L - a scroll of vulnerability
 N - a scroll of identify
 Q - a scroll of enchant weapon {unknown}
Potions
 c - a potion of ambrosia
 h - a potion of curing
 k - a potion of berserk rage {!q}
 l - a potion of magic
 t - a potion of brilliance
 v - a potion of might
 C - a potion of lignification {!q}
 K - a potion of flight


   Skills:
 + Level 7.9 Fighting
 + Level 4.2 Short Blades
 + Level 4.2 Long Blades
 + Level 4.2 Axes
 + Level 7.9 Maces & Flails
 + Level 4.2 Polearms
 + Level 4.2 Staves
 + Level 4.2 Ranged Weapons
 + Level 4.2 Throwing
 + Level 4.2 Armour
 + Level 7.9 Dodging
 + Level 6.0 Stealth
 + Level 4.2 Shields
 + Level 4.2 Unarmed Combat
 + Level 4.2 Spellcasting
 + Level 3.4 Conjurations
 + Level 3.4 Hexes
 + Level 3.4 Summonings
 + Level 3.4 Necromancy
 + Level 3.4 Translocations
 + Level 3.4 Transmutations
 + Level 3.4 Fire Magic
 + Level 3.4 Ice Magic
 + Level 3.4 Air Magic
 + Level 3.4 Earth Magic
 + Level 3.4 Poison Magic
 + Level 4.6 Invocations
 + Level 4.2 Evocations


You had 16 spell levels left.
You didn't know any spells.
Your spell library contained the following spells:

 Spells                   Type           Power      Damage    Failure   Level
 Magic Dart               Conj           32%        1d4       9%          1
 Call Imp                 Summ           8%         N/A       14%         2
 Frozen Ramparts          Ice            16%        1d3       26%         3
 Gell's Gravitas          Tloc           8%         N/A       26%         3
 Mephitic Cloud           Conj/Pois/Air  8%         N/A       26%         3
 Teleport Other           Tloc           8%         N/A       26%         3
 Ice Form                 Ice/Tmut       8%         N/A       65%         4
 Leda's Liquefaction      Hex/Erth       4%         N/A       65%         4
 Summon Ice Beast         Ice/Summ       8%         N/A       65%         4
 Lee's Rapid Deconstruct  Erth           4%         3d5*      94%         5
 Dispersal                Tloc           4%         N/A       100%        6
 Statue Form              Tmut/Erth      5%         N/A       100%        6


Dungeon Overview and Level Annotations

Branches:
Dungeon (7/15)             Temple (1/1) D:5           Sewer (visited)

Altars:
Ashenzari
Cheibriados
Gozag
Hepliaklqana
Kikubaaqudgha
Makhleb
Okawaru
Sif Muna
Trog
Uskayaw
Vehumet
Xom
The Shining One

Shops:
D:1 ?   D:6 !

Annotations:
D:4 2 transporters, MrClown's ghost, amateur DsNe
D:6 dig


Innate Abilities, Weirdness & Mutations

You have very sharp teeth.
Your uncanny sense of smell can sniff out nearby items.
Your experience applies equally to all skills.
You are dopey. (Int -2)


Message History

The glowing orange brain's magic leaks into the air.
The glowing orange brain is almost dead.
The glowing orange brain changes into a merfolk!
The vampire mosquito closely misses you. x2
The vampire mosquito bites you.
The vampire mosquito draws strength from your injuries!
The vampire mosquito bites you but does no damage.
You closely miss the merfolk.
The merfolk is severely wounded.
The vampire mosquito misses you. The vampire mosquito bites you.
The vampire mosquito draws strength from your injuries!
The vampire mosquito bites you but does no damage. x2
Unknown command.
You hit the merfolk. You freeze the merfolk.
The merfolk is almost dead.
The merfolk changes into a shock serpent!
The vampire mosquito bites you but does no damage. x2
The vampire mosquito barely misses you. The vampire mosquito misses you.
You barely miss the shock serpent.
The shock serpent is moderately wounded.
The vampire mosquito misses you.
The vampire mosquito closely misses you.
The vampire mosquito bites you!
The vampire mosquito draws strength from your injuries!
The vampire mosquito barely misses you. The shock serpent bites you.
* * * LOW HITPOINT WARNING * * *
The shock serpent shocks you!
* * * LOW HITPOINT WARNING * * *
You miss the shock serpent.
The shock serpent is moderately wounded.
The vampire mosquito bites you!
* * * LOW HITPOINT WARNING * * *
The vampire mosquito barely misses you. The shock serpent closely misses you.
The vampire mosquito misses you.
The vampire mosquito closely misses you.
The shock serpent bites you but does no damage.
You sock the shock serpent! You burn the shock serpent.
The shock serpent is heavily wounded.
The shock serpent's electric aura discharges, shocking you!
You die...

#..#>............
#..#........###.#
#..#........#
##..#........##..
#...####........#
#y#.# ##.#..#####
#y#.# #..#...# ###
#y#.###.###..#
##... ###@#..##.#
#....
#.....#.yS##.#..#
#.###.
........###....###
.# . .......##
#(.<..†# .......
#.)..#....#
#.....#
#....#.♣....#
#..... #....#.♣
.... ......
#...##.. ..# .....
#...# .. .#


You could see a shock serpent shaped shifter and 4 vampire mosquitoes.

Vanquished Creatures
  A wyvern (D:7)
  Menkaure (D:5)
  An acid dragon (D:6)
  A water moccasin (D:7)
  2 phantoms (D:4)
  A bullfrog (D:6)
  3 scorpions
  5 wights
  3 howler monkeys
  6 hounds
  An orc priest (D:6)
  5 jellies
  Crazy Yiuf (D:3)
  3 iguanas
  4 orc wizards
  A statue (D:4)
  Robin (D:4)
  8 adders
  A shadow imp (D:6)
  2 white imps
  An ufetubus (D:7)
  4 worms
  4 dart slugs
  9 orcs
  5 bats
  14 endoplasms
  13 giant cockroaches
  16 goblins
  5 hobgoblins
  6 jackals (D:3)
  9 kobolds
  4 quokkas
  9 ball pythons
  6 frilled lizards
  8 rats
164 creatures vanquished.

Notes
Turn   | Place    | Note
-------+----------+-------------------------------------------
     0 | D:1      | mopl the Gnoll Monk began the quest for the Orb.
     0 | D:1      | Reached XP level 1. HP: 23/23 MP: 1/1
   131 | D:1      | Found Git Qalaha's Magic Scroll Shop.
   139 | D:1      | Bought a scroll of identify for 28 gold pieces
   189 | D:1      | Reached XP level 2. HP: 29/29 MP: 2/2
   523 | D:1      | Reached XP level 3. HP: 27/35 MP: 3/3
   912 | D:2      | Reached skill level 1 in Invocations
  1448 | D:3      | Identified the +7 rapier "Efotyvegy" {flame, *Noise rF+
                  | Str+4 Dex-5}
  1459 | D:3      | Found a glowing drain.
  1462 | D:3      | Reached skill level 1 in Short Blades
  1462 | D:3      | Reached skill level 1 in Long Blades
  1462 | D:3      | Reached skill level 1 in Axes
  1462 | D:3      | Reached skill level 1 in Polearms
  1462 | D:3      | Reached skill level 1 in Staves
  1462 | D:3      | Reached skill level 1 in Ranged Weapons
  1462 | D:3      | Reached skill level 1 in Throwing
  1462 | D:3      | Reached skill level 1 in Armour
  1462 | D:3      | Reached skill level 1 in Shields
  1462 | D:3      | Reached skill level 1 in Unarmed Combat
  1462 | D:3      | Reached skill level 1 in Spellcasting
  1462 | D:3      | Reached skill level 1 in Evocations
  1491 | Sewer    | Entered a sewer
  1513 | Sewer    | Reached XP level 4. HP: 39/41 MP: 5/5
  1586 | Sewer    | Reached skill level 1 in Conjurations
  1586 | Sewer    | Reached skill level 1 in Hexes
  1586 | Sewer    | Reached skill level 1 in Summonings
  1586 | Sewer    | Reached skill level 1 in Necromancy
  1586 | Sewer    | Reached skill level 1 in Translocations
  1586 | Sewer    | Reached skill level 1 in Transmutations
  1586 | Sewer    | Reached skill level 1 in Fire Magic
  1586 | Sewer    | Reached skill level 1 in Ice Magic
  1586 | Sewer    | Reached skill level 1 in Air Magic
  1586 | Sewer    | Reached skill level 1 in Earth Magic
  1586 | Sewer    | Reached skill level 1 in Poison Magic
  1735 | Sewer    | Found a viscous altar of Jiyva.
  1742 | Sewer    | Reached XP level 5. HP: 16/47 MP: 5/7
  2243 | D:3      | Reached skill level 2 in Invocations
  2279 | D:3      | Identified the +0 robe of Gafer {rN+ Dex+2}
  2417 | D:3      | Found a runed translucent door.
  2418 | D:3      | Noticed Crazy Yiuf
  2513 | D:3      | Found an ancient bone altar of Kikubaaqudgha.
  2657 | D:3      | Found an iron altar of Okawaru.
  2864 | D:3      | Killed Crazy Yiuf
  2865 | D:3      | Reached XP level 6. HP: 53/53 MP: 8/8
  2923 | D:4      | Reached skill level 2 in Short Blades
  2923 | D:4      | Reached skill level 2 in Long Blades
  2923 | D:4      | Reached skill level 2 in Axes
  2923 | D:4      | Reached skill level 2 in Polearms
  2923 | D:4      | Reached skill level 2 in Staves
  2923 | D:4      | Reached skill level 2 in Ranged Weapons
  2923 | D:4      | Reached skill level 2 in Throwing
  2923 | D:4      | Reached skill level 2 in Armour
  2923 | D:4      | Reached skill level 2 in Shields
  2923 | D:4      | Reached skill level 2 in Unarmed Combat
  2923 | D:4      | Reached skill level 2 in Spellcasting
  2923 | D:4      | Reached skill level 2 in Evocations
  2996 | D:4      | Noticed Robin
  3009 | D:4      | Killed Robin
  3047 | D:4      | Found a transporter.
  3076 | D:4      | Found a transporter.
  3081 | D:4      | Noticed MrClown's ghost (amateur DsNe)
  3146 | D:4      | Reached skill level 7 in Fighting
  3146 | D:4      | Reached skill level 7 in Maces & Flails
  3146 | D:4      | Reached skill level 7 in Dodging
  3146 | D:4      | Reached XP level 7. HP: 60/60 MP: 10/10
  3213 | D:4      | Found a radiant altar of Vehumet.
  3228 | D:4      | Reached skill level 2 in Conjurations
  3228 | D:4      | Reached skill level 2 in Hexes
  3228 | D:4      | Reached skill level 2 in Summonings
  3228 | D:4      | Reached skill level 2 in Necromancy
  3228 | D:4      | Reached skill level 2 in Translocations
  3228 | D:4      | Reached skill level 2 in Transmutations
  3228 | D:4      | Reached skill level 2 in Fire Magic
  3228 | D:4      | Reached skill level 2 in Ice Magic
  3228 | D:4      | Reached skill level 2 in Air Magic
  3228 | D:4      | Reached skill level 2 in Earth Magic
  3228 | D:4      | Reached skill level 2 in Poison Magic
  3520 | D:5      | Entered Level 5 of the Dungeon
  3535 | D:4      | Reached skill level 5 in Stealth
  3565 | D:5      | Reached skill level 3 in Invocations
  3734 | D:5      | Noticed Menkaure
  3751 | D:5      | Killed Menkaure
  3752 | D:5      | Reached skill level 3 in Short Blades
  3752 | D:5      | Reached skill level 3 in Long Blades
  3752 | D:5      | Reached skill level 3 in Axes
  3752 | D:5      | Reached skill level 3 in Polearms
  3752 | D:5      | Reached skill level 3 in Staves
  3752 | D:5      | Reached skill level 3 in Ranged Weapons
  3752 | D:5      | Reached skill level 3 in Throwing
  3752 | D:5      | Reached skill level 3 in Armour
  3752 | D:5      | Reached skill level 3 in Shields
  3752 | D:5      | Reached skill level 3 in Unarmed Combat
  3752 | D:5      | Reached skill level 3 in Spellcasting
  3752 | D:5      | Reached skill level 3 in Evocations
  3752 | D:5      | Reached XP level 8. HP: 38/67 MP: 12/12
  3972 | D:5      | Found a staircase to the Ecumenical Temple.
  4045 | D:5      | Identified the +5 ring mail "Innouguma" {rF+ rC- Int+2
                  | Slay+3}
  4320 | Temple   | Entered the Ecumenical Temple
  4813 | D:6      | Reached skill level 3 in Conjurations
  4813 | D:6      | Reached skill level 3 in Hexes
  4813 | D:6      | Reached skill level 3 in Summonings
  4813 | D:6      | Reached skill level 3 in Necromancy
  4813 | D:6      | Reached skill level 3 in Translocations
  4813 | D:6      | Reached skill level 3 in Transmutations
  4813 | D:6      | Reached skill level 3 in Fire Magic
  4813 | D:6      | Reached skill level 3 in Ice Magic
  4813 | D:6      | Reached skill level 3 in Air Magic
  4813 | D:6      | Reached skill level 3 in Earth Magic
  4813 | D:6      | Reached skill level 3 in Poison Magic
  4813 | D:6      | Reached skill level 4 in Invocations
  5009 | D:6      | HP: 3/67 [orc wizard/+2 dagger of speed (4)]
  5203 | D:6      | Identified the +4 war axe "Egoudwil" {flame, rElec}
  5235 | D:6      | Reached XP level 9. HP: 7/73 MP: 14/14
  5255 | D:6      | Found Najumn's Distillery.
  5489 | D:6      | Bought a potion of berserk rage for 70 gold pieces
  5489 | D:6      | Bought a potion of lignification for 42 gold pieces
  5576 | D:1      | Bought a scroll of teleportation for 42 gold pieces
  5576 | D:1      | Bought a scroll of vulnerability for 56 gold pieces
  5576 | D:1      | Bought a scroll of teleportation for 42 gold pieces
  5576 | D:1      | Bought a scroll of identify for 28 gold pieces
  5576 | D:1      | Bought a scroll of fear for 56 gold pieces
  5702 | D:6      | Reached skill level 4 in Short Blades
  5702 | D:6      | Reached skill level 4 in Long Blades
  5702 | D:6      | Reached skill level 4 in Axes
  5702 | D:6      | Reached skill level 4 in Polearms
  5702 | D:6      | Reached skill level 4 in Staves
  5702 | D:6      | Reached skill level 4 in Ranged Weapons
  5702 | D:6      | Reached skill level 4 in Throwing
  5702 | D:6      | Reached skill level 4 in Armour
  5702 | D:6      | Reached skill level 4 in Shields
  5702 | D:6      | Reached skill level 4 in Unarmed Combat
  5702 | D:6      | Reached skill level 4 in Spellcasting
  5702 | D:6      | Reached skill level 4 in Evocations
  5867 | D:6      | Noticed a moth of wrath
  5871 | D:6      | Found a bloodstained altar of Trog.
  6023 | D:7      | Reached skill level 6 in Stealth
  6174 | D:7      | a jelly changed into a glowing shapeshifter
  6174 | D:7      | Noticed a glowing shapeshifter (glowing shapeshifter)
  6174 | D:7      | a glowing shapeshifter changed into a mana viper
  6174 | D:7      | Noticed a mana viper (glowing shapeshifter)
  6176 | D:7      | a mana viper changed into a shining eye
  6176 | D:7      | Noticed a shining eye (glowing shapeshifter)
  6178 | D:7      | Gained mutation: You are dopey. (Int -2) [a shining eye]
  6179 | D:7      | a shining eye changed into a glowing orange brain
  6179 | D:7      | Noticed a glowing orange brain (glowing shapeshifter)
  6185 | D:7      | a glowing orange brain changed into a merfolk
  6185 | D:7      | Noticed a merfolk (glowing shapeshifter)
  6187 | D:7      | a merfolk changed into a shock serpent
  6187 | D:7      | Noticed a shock serpent (glowing shapeshifter)
  6190 | D:7      | Killed from afar by a shock serpent (glowing shapeshifter)

Illustrated notes

Levels and vault maps discovered:
D:1:      roderic_chinese_lattice_arrival, layout_basic, serial_shops,
          nicolae_shop_hallway_plus, minmay_3d_cube
D:2:      layout_loops_cross, serial_bayou_pond_c
D:3:      layout_basic, general_overflow_altar,
          hellmonk_okawaru_the_only_friend_you_need, portal_sewer_entry_f,
          nicolae_eternal_life, uniq_crazy_yiuf_cottage
D:4:      layout_gridville, vehumet_statue, gammafunk_ghost_mausoleum,
          uniq_robin
D:5:      layout_cave_pools, minmay_temple_entry_grid, kennysheep_another_room,
          nrook_uturn, corner_web_ring, kennysheep_nub, uniq_menkaure
D:6:      layout_rooms, tgw_trog, serial_shops, nicolae_shop_trees
D:7:      layout_rooms, chequers_mini_garden
Temple:   hellmonk_temple_beads

Skill      XL: |  1  2  3  4  5  6  7  8  9 |
---------------+----------------------------+-----
Invocations    | 1 2 3 4 |  4.6
Short Blades   | 1 2 3 4 |  4.2
Long Blades    | 1 2 3 4 |  4.2
Axes           | 1 2 3 4 |  4.2
Polearms       | 1 2 3 4 |  4.2
Staves         | 1 2 3 4 |  4.2
Ranged Weapons | 1 2 3 4 |  4.2
Throwing       | 1 2 3 4 |  4.2
Armour         | 1 2 3 4 |  4.2
Shields        | 1 2 3 4 |  4.2
Unarmed Combat | 1 2 3 4 |  4.2
Spellcasting   | 1 2 3 4 |  4.2
Evocations     | 1 2 3 4 |  4.2
Conjurations   | 1 2 3 |  3.4
Hexes          | 1 2 3 |  3.4
Summonings     | 1 2 3 |  3.4
Necromancy     | 1 2 3 |  3.4
Translocations | 1 2 3 |  3.4
Transmutations | 1 2 3 |  3.4
Fire Magic     | 1 2 3 |  3.4
Ice Magic      | 1 2 3 |  3.4
Air Magic      | 1 2 3 |  3.4
Earth Magic    | 1 2 3 |  3.4
Poison Magic   | 1 2 3 |  3.4
Fighting       | 7 |  7.9
Maces & Flails | 7 |  7.9
Dodging        | 7 |  7.9
Stealth        | 5 6 |  6.0

Action                     |  1- 3 |  4- 6 |  7- 9 || total
---------------------------+-------+-------+-------++-------
  Melee: Mace              |    25 |       |       ||    25
         Whip              |   107 |   168 |       ||   275
         Bite              |    12 |    15 |    18 ||    45
         Punch             |     2 |     2 |       ||     4
         Quarterstaff      |       |    46 |   186 ||   232
  Throw: Dart              |       |     2 |       ||     2
         Throwing net      |       |     1 |       ||     1
  Evoke: Wand              |       |       |     1 ||     1
    Use: Scroll            |       |     3 |     8 ||    11
         Potion            |       |     1 |     2 ||     3
   Stab: Sleeping          |     4 |     9 |     5 ||    18
         Distracted        |       |     1 |     1 ||     2
 Armour: Robe              |     9 |       |       ||     9
         Ring mail         |    23 |    58 |    82 ||   163
         Acid dragon scale |       |       |    18 ||    18
  Dodge: Dodged            |    75 |   128 |   148 ||   351

Table legend: (Time is in decaauts)
 A = Elapsed time spent in this place.
 B = Non-inter-level travel time spent in this place.
 C = Inter-level travel time spent in this place.
 D = Time resting spent in this place.
 E = Time spent auto-exploring this place.
 F = Levels seen in this place.
 G = Mean time per level.
                   A        B        C        D        E       F      G
               +--------+--------+--------+--------+--------+-----+--------+
         Total |   6213 |   5818 |    395 |   1366 |   3047 |   9 |  690.3 |
       Dungeon |   5433 |   5111 |    322 |   1035 |   2858 |   7 |  776.1 |
        Temple |    165 |     93 |     72 |      0 |     84 |   1 |  165.0 |
         Sewer |    615 |    615 |      0 |    331 |    104 |   1 |  615.0 |
               +--------+--------+--------+--------+--------+-----+--------+

Top non-repeatable levels by time:
     D:5: 1420 daAuts
     D:3: 887 daAuts
     D:1: 863 daAuts
     D:6: 729 daAuts
     D:4: 663 daAuts
     D:2: 639 daAuts
   Sewer: 615 daAuts
     D:7: 229 daAuts
  Temple: 165 daAuts
